 Dungeon Crawl Stone Soup version 0.30-a0-824-g6c64550be9 (webtiles) character file.

Game seed: 17636695436888261095

2959 bande the Cleaver (level 9, -1/55 HPs)
             Began as a Gargoyle Fighter on Feb 28, 2023.
             Was a Believer of Okawaru.
             Slain by a wight
             ... wielding a +4 halberd of freezing
              (8 damage)
             ... on level 7 of the Dungeon.
             The game lasted 00:10:22 (6953 turns).

bande the Cleaver (Gargoyle Fighter)                Turns: 6953, Time: 00:10:22

Health: -1/55      AC: 24    Str: 21    XL:     9   Next: 81%
Magic:  0/12       EV:  6    Int:  8    God:    Okawaru [**....]
Gold:   328        SH:  5    Dex: 13    Spells: 8/8 levels left

rFire   . . .      SeeInvis .    a - +1 war axe
rCold   . . .      Faith    .    c - +0 buckler
rNeg    + . .      Spirit   +    x - +0 plate armour
rPois   ∞          Reflect  .    p - +0 helmet
rElec   +          Harm     .    (no cloak)
rCorr   +          Rampage  .    l - +1 pair of gloves
Will    .....                    v - +0 pair of boots Stlth
                                 h - amulet of guardian spirit
HPRegen 0.29/turn                m - ring of resist corrosion
MPRegen 0.13/turn                (no ring)

@: no status effects
A: sickness immunity, AC +6, negative energy resistance 1, electricity
resistance, torment resistance 1, petrification resistance
a: Renounce Religion, Heroism


You were on level 7 of the Dungeon.
You worshipped Okawaru.
Okawaru was pleased with you.
You visited 2 branches of the dungeon, and saw 8 of its levels.

You collected 328 gold pieces.

Inventory:

Hand Weapons
 a - a +1 war axe (weapon)
 q - a +2 flail of draining
Armour
 c - a +0 buckler (worn)
 l - a +1 pair of gloves (worn)
 p - a +0 helmet (worn)
 v - a +0 pair of boots (worn)
 x - a +0 plate armour (worn)
Jewellery
 h - an amulet of guardian spirit (around neck)
 m - a ring of resist corrosion (left hand)
 u - the amulet of Elemental Vulnerability {rPois rF-- rC-- AC+8}
   (You found it on level 6 of the Dungeon)

   [amulet of nothing]

   AC:        It affects your AC (+8).
   rF:        It makes you very vulnerable to fire.
   rC:        It makes you very vulnerable to cold.
   rPois:     It protects you from poison.
Wands
 n - a wand of flame (29)
 r - a wand of digging (10)
 t - a wand of roots (16)
Scrolls
 e - a scroll of poison
 s - a scroll of amnesia
Potions
 b - a potion of resistance {unknown}
 d - a potion of curing {unknown}
 f - 2 potions of brilliance
 g - a potion of degeneration {unknown}
 i - 2 potions of haste {unknown}
 j - 2 potions of heal wounds {unknown}
 k - a potion of attraction {unknown}
 o - 2 potions of ambrosia {unknown}
 w - a potion of flight {unknown}
 z - a potion of invisibility {unknown}


   Skills:
 + Level 6.2 Fighting
 + Level 8.1 Axes
 + Level 6.3 Armour
 + Level 5.2 Shields
 * Level 4.5 Invocations
 * Level 3.9 Evocations


You had 8 spell levels left.
You didn't know any spells.
Your spell library contained the following spells:

 Spells                   Type           Power      Damage    Failure   Level
 Sandblast                Erth           0%         2d4       100%        1
 Passwall                 Tmut/Erth      0%         N/A       100%        2
 Stone Arrow              Conj/Erth      0%         3d7       100%        3


Dungeon Overview and Level Annotations

Branches:
Dungeon (7/15)             Temple (1/1) D:4

Altars:
Elyvilon
Fedhas
Gozag
Kikubaaqudgha
Okawaru
Uskayaw
Wu Jian
Xom
Yredelemnul
Zin
The Shining One


Innate Abilities, Weirdness & Mutations

You are immune to sickness and miasma.
Your stone body is resilient. (AC +6)
You are immune to poison.
You resist negative energy. (rN+)
You are resistant to electric shocks. (rElec)
You are resistant to unholy torment.
You are immune to petrification.


Message History

You slash the wight!
The wight is almost destroyed.
The wight hits you but does no damage. The wight barely misses you.
You barely miss the wight.
The wight is almost destroyed.
The wight barely misses you. x2
You completely miss the wight.
The wight is almost destroyed.
The wight hits you but does no damage.
The wight hits you from afar with a +4 halberd of freezing.
The wight freezes you.
You slash the wight!
You destroy the wight!
Okawaru accepts your kill.
The wight hits you from afar with a +4 halberd of freezing.
The wight freezes you. The wight hits you but does no damage.
You block the wight's attack.
Items here: ))) / [[[.
The wight hits you from afar with a +4 halberd of freezing.
The wight freezes you.
* * * LOW HITPOINT WARNING * * *
The wight barely misses you. The wight hits you but does no damage.
The wight hits you with a +4 halberd of freezing.
* * * LOW HITPOINT WARNING * * *
The wight freezes you.
* * * LOW HITPOINT WARNING * * *
You hit the wight.
The wight is moderately damaged.
The wight hits you with a +4 halberd of freezing!
* * * LOW HITPOINT WARNING * * *
The wight freezes you.
* * * LOW HITPOINT WARNING * * *
You slash the wight!
The wight is severely damaged.
The wight barely misses you.
You closely miss the wight.
The wight is severely damaged.
The wight hits you with a +4 halberd of freezing!
You die...

.## ....
..# ...#
..###...#
.......#
......##
#.......
##...#
#..@#
#..z#
##).##
#..)#
#..##
##..#
#...# #.
##...## #.
##.....###


You could see a wight.

Vanquished Creatures
  Grinder (D:3)
  Sigmund (D:2)
  A wyvern (D:7)
  An orc warrior (D:7)
  3 water moccasins
  2 sky beasts (D:7)
  A black bear (D:5)
  A centaur (D:5)
  An ogre (D:6)
  A phantom (D:5)
  A bullfrog (D:5)
  A necrophage (D:5)
  A gnoll sergeant (D:6)
  4 wights (D:7)
  5 killer bees (D:6)
  5 hounds
  2 orc priests (D:7)
  2 gnoll boudas
  3 iguanas
  Jessica (D:2)
  Natasha (thrice) (D:2)
  3 orc wizards
  Robin (D:2)
  11 gnolls
  14 adders
  3 shadow imps
  An ufetubus (D:6)
  2 worms (D:4)
  A dart slug (D:3)
  10 orcs
  8 ball pythons
  A bat zombie (D:5)
  12 endoplasms
  A giant cockroach (D:3)
  16 goblins
  12 hobgoblins
  6 jackals
  7 quokkas
  4 bats
  A frilled lizard (D:1)
  10 kobolds
  7 rats
  3 rat zombies (D:5)
  A spectral orc (D:3)
176 creatures vanquished.

Notes
Turn   | Place    | Note
-------+----------+-------------------------------------------
     0 | D:1      | bande the Gargoyle Fighter began the quest for the Orb.
     0 | D:1      | Reached XP level 1. HP: 14/14 MP: 1/1
   226 | D:1      | Reached XP level 2. HP: 19/19 MP: 2/2
   458 | D:1      | Reached skill level 2 in Axes
   848 | D:2      | Reached XP level 3. HP: 17/24 MP: 3/3
   857 | D:2      | Noticed Jessica
   869 | D:2      | Killed Jessica
   870 | D:2      | Reached XP level 4. HP: 19/29 MP: 4/4
   957 | D:2      | Noticed Robin
   959 | D:2      | Noticed Natasha
   977 | D:2      | Reached skill level 3 in Axes
   977 | D:2      | Killed Natasha
   979 | D:2      | Reached XP level 5. HP: 13/33 MP: 5/5
   985 | D:2      | Killed Robin
  1084 | D:2      | Noticed Sigmund
  1093 | D:2      | Killed Sigmund
  1094 | D:2      | Reached skill level 4 in Axes
  1094 | D:2      | Reached XP level 6. HP: 28/39 MP: 6/6
  1182 | D:2      | Found a hide-covered altar of Uskayaw.
  1226 | D:2      | Noticed Natasha
  1234 | D:2      | Killed Natasha
  1239 | D:2      | Noticed Natasha
  1257 | D:2      | Killed Natasha
  1751 | D:3      | Reached skill level 5 in Axes
  1751 | D:3      | Reached XP level 7. HP: 44/44 MP: 7/7
  1856 | D:3      | Found a blossoming altar of Fedhas.
  1936 | D:3      | Noticed Grinder
  1961 | D:3      | Paralysed by Grinder for 4 turns
  1972 | D:3      | Paralysed by Grinder for 4 turns
  1981 | D:3      | Killed Grinder
  1982 | D:3      | Reached skill level 1 in Evocations
  2059 | D:3      | Found a glowing golden altar of the Shining One.
  2242 | D:3      | Found a basalt altar of Yredelemnul.
  2573 | D:4      | Reached skill level 5 in Fighting
  2777 | D:4      | Found a staircase to the Ecumenical Temple.
  2784 | Temple   | Entered the Ecumenical Temple
  2799 | Temple   | Became a worshipper of Warmaster Okawaru
  3248 | D:4      | Reached skill level 6 in Axes
  3308 | D:5      | Entered Level 5 of the Dungeon
  3386 | D:5      | Reached skill level 1 in Invocations
  3386 | D:5      | Reached XP level 8. HP: 39/49 MP: 5/8
  3977 | D:5      | Reached skill level 5 in Armour
  4119 | D:5      | Reached * piety under Okawaru
  4335 | D:5      | Found an ancient bone altar of Kikubaaqudgha.
  4630 | D:6      | Found a white marble altar of Elyvilon.
  5096 | D:6      | Reached skill level 7 in Axes
  5103 | D:6      | Reached XP level 9. HP: 8/54 MP: 0/11
  5103 | D:6      | HP: 2/54 [killer bee (6)]
  5408 | D:6      | Found an ornate altar of the Wu Jian Council.
  5505 | D:6      | Found the amulet of Elemental Vulnerability {rPois rF--
                  | rC-- AC+8}
  5757 | D:5      | Reached ** piety under Okawaru
  6202 | D:7      | Reached skill level 5 in Shields
  6935 | D:7      | Reached skill level 8 in Axes
  6953 | D:7      | Slain by a wight

Illustrated notes

Levels and vault maps discovered:
D:1:      minmay_arrival_up_and_down, layout_loops_ring, minmay_misc_feat_iff
D:2:      layout_rooms, basic_altar, kennysheep_generic_room_3, uniq_sigmund,
          uniq_natasha, uniq_robin, uniq_jessica
D:3:      layout_loops_ring, fedhas_altar_3,
          yredelemnul_forgotten_temple_becter, tso_metal_star, uniq_grinder
D:4:      layout_loops_ring, minmay_temple_entry_arrows, st_stairs_11,
          minmay_joined_circles
D:5:      layout_basic, lemuel_zombie_altar_kikubaaqudgha, dk_noncrumbling_2,
          hangedman_decor_points
D:6:      layout_cave_pools, mainiacjoe_overflow_large_starburst
D:7:      layout_layer_cave
Temple:   nicolae_temple_superstar

Skill      XL: |  1  2  3  4  5  6  7  8  9 |
---------------+----------------------------+-----
Axes           | 2 3 4 5 6 7 8 |  8.1
Fighting       | 4 5 6 |  6.2
Armour         | 4 5 6 |  6.3
Shields        | 4 5 |  5.2
Evocations     | 1 2 3 |  3.9
Invocations    | 1 3 4 |  4.5

Action                     |  1- 3 |  4- 6 |  7- 9 || total
---------------------------+-------+-------+-------++-------
  Melee: War axe           |    69 |   139 |   449 ||   657
    Use: Scroll            |       |     6 |     6 ||    12
         Potion            |       |     1 |       ||     1
 Armour: Scale mail        |    44 |    75 |       ||   119
         Chain mail        |       |    47 |   341 ||   388
         Plate armour      |       |       |    51 ||    51
  Dodge: Dodged            |    37 |    63 |   210 ||   310
  Block: Buckler           |    20 |    31 |   136 ||   187

Table legend: (Time is in decaauts)
 A = Elapsed time spent in this place.
 B = Non-inter-level travel time spent in this place.
 C = Inter-level travel time spent in this place.
 D = Time resting spent in this place.
 E = Time spent auto-exploring this place.
 F = Levels seen in this place.
 G = Mean time per level.
                   A        B        C        D        E       F      G
               +--------+--------+--------+--------+--------+-----+--------+
         Total |   7134 |   6901 |    233 |   1279 |   4138 |   8 |  891.8 |
       Dungeon |   7109 |   6876 |    233 |   1279 |   4134 |   7 | 1015.6 |
        Temple |     24 |     24 |      0 |      0 |      4 |   1 |   24.0 |
               +--------+--------+--------+--------+--------+-----+--------+

Top non-repeatable levels by time:
     D:5: 1572 daAuts
     D:6: 1346 daAuts
     D:3: 964 daAuts
     D:1: 842 daAuts
     D:2: 825 daAuts
     D:7: 783 daAuts
     D:4: 777 daAuts
  Temple: 24 daAuts
